 Dungeon Crawl Stone Soup version 0.25-a0-1133-g93ebf739aa (webtiles) character file.

Game seed: 10424866301133345415, levelgen mode: deterministic

13521 Glundar the Protected (level 11, -13/104 HPs)
             Began as a Minotaur Fighter on May 21, 2020.
             Was the Champion of Okawaru.
             Mangled by a white ugly thing (27 damage)
             ... in an ice cave.
             The game lasted 00:49:39 (11413 turns).

Glundar the Protected (Minotaur Fighter)           Turns: 11413, Time: 00:49:40

Health: -13/104    AC: 18    Str: 31    XL:     11   Next: 76%
Magic:  10/10      EV:  7    Int:  5    God:    Okawaru [******]
Gold:   326        SH: 13    Dex:  9    Spells: 10/10 levels left

rFire    + . .     SeeInvis .   a - +2 hand axe (elec)
rCold    . . .     Gourm    .   c - +0 kite shield
rNeg     . . .     Faith    .   K - +2 plate armour {MR+}
rPois    .         Spirit   .   (helmet restricted)
rElec    .         Reflect  .   (no cloak)
rCorr    .         Harm     .   l - +0 pair of gloves
MR       +....                  (no boots)
Stlth    ..........             y - amulet of magic regeneration
HPRegen  0.27/turn              j - ring of protection from fire
MPRegen  0.37/turn              o - +6 ring of strength

@: mighty, very slightly contaminated, invisible
A: retaliatory headbutt, horns 2
a: Heroism, Finesse, Renounce Religion


You were in an ice cave.
You worshipped Okawaru.
Okawaru was exalted by your worship.
You were not hungry.

You visited 2 branches of the dungeon, and saw 12 of its levels.
You also visited: Sewer and Ice Cave.

You collected 648 gold pieces.
You spent 322 gold pieces at shops.

Inventory:

Hand Weapons
 a - a +2 hand axe of electrocution (weapon)
 h - the +9 staff of Olgreb {rPois∞}
   (You found it on level 6 of the Dungeon)

   It grants immunity to poison.
 s - a +0 war axe
Missiles
 g - 94 sling bullets
 D - 44 poisoned darts (quivered)
Armour
 c - a +0 kite shield (worn)
 l - a +0 pair of gloves (worn)
 K - a +2 plate armour of magic resistance (worn)
Jewellery
 j - a ring of protection from fire (left hand)
 o - a +6 ring of strength (right hand)
 y - an amulet of magic regeneration (around neck)
Wands
 F - a wand of random effects (21)
Scrolls
 b - a scroll of torment {unknown}
 i - a scroll of enchant armour {unknown}
 k - 2 scrolls of enchant weapon {unknown}
 m - 2 scrolls of magic mapping
 p - 5 scrolls of remove curse
 t - 5 scrolls of fog
 u - 6 scrolls of teleportation
 x - 2 scrolls of fear {unknown}
 A - 2 scrolls of blinking {unknown}
 H - a scroll of acquirement {unknown}
 I - a scroll of random uselessness {unknown}
 L - a scroll of immolation {unknown}
 N - a scroll of summoning {unknown}
 P - a scroll of silence {unknown}
Potions
 e - 2 potions of stabbing
 q - 4 potions of heal wounds
 r - 4 potions of haste
 v - 3 potions of brilliance
 z - 3 potions of degeneration
 B - 2 potions of berserk rage
 C - 9 potions of flight
 E - 3 potions of lignification
 G - 7 potions of curing
 J - a potion of ambrosia
 M - a potion of magic
Comestibles
 f - 11 rations
 O - a chunk of flesh


   Skills:
 + Level 11.8 Fighting
 + Level 11.5 Axes
 + Level 11.8 Armour
 + Level 11.8 Shields


You had 10 spell levels left.
You didn't know any spells.
Your spell library contained the following spells:

 Spells                   Type           Power        Failure   Level  Hunger
 Animate Skeleton         Necr           N/A          99%         1    ##.....
 Summon Lightning Spire   Summ/Air       #.......     100%        4    #####..
 Silence                  Hex/Air        #.........   100%        5    ######.
 Conjure Ball Lightning   Conj/Air       #.........   100%        6    #######
 Tornado                  Air            #.........   100%        9    #######


Dungeon Overview and Level Annotations

Branches:
Dungeon (11/15)            Temple (1/1) D:6            Lair (0/6) D:8
    Orc (0/2) D:9           Sewer (visited)           IceCv (1/1)

Altars:
Ashenzari
Cheibriados
Dithmenos
Elyvilon
Fedhas
Gozag
Hepliaklqana
Kikubaaqudgha
Makhleb
Nemelex Xobeh
Okawaru
Qazlal
Ru
Sif Muna
Trog
Uskayaw
Vehumet
Wu Jian
Xom
Yredelemnul
Zin
The Shining One

Shops:
D:4 [}   D:5 *   D:7 !(   D:9 [

Annotations:
D:11 Gastronok


Innate Abilities, Weirdness & Mutations

You reflexively headbutt those who attack you in melee.
You have a pair of horns on your head.


Message History

The ice beast hits you but does no damage.
The white ugly thing claws you but does no damage.
You slash the ice beast! You headbutt the ice beast!!
You kill the ice beast!
Okawaru accepts your kill.
You hit the ice beast.
Your shield and plate armour prevent you from hitting the ice beast.
You slash the white ugly thing!
Lightning courses through the white ugly thing!
You closely miss the ice beast. The ice beast hits you.
The ice beast freezes you.
* * * LOW HITPOINT WARNING * * *
The ice beast hits you.
* * * LOW HITPOINT WARNING * * *
The ice beast freezes you!
* * * LOW HITPOINT WARNING * * *
The white ugly thing claws you.
* * * LOW HITPOINT WARNING * * *
The white ugly thing freezes you!!
You die...

#...$.[.$...#
##....?©$....##
#......$......#
#....8...8....#
#.............#
#......Y....#
#...Y.uY....#
#....Y@Y....#
##.........##
##...∩...##
##.....##
#######


You could see a white ugly thing and 5 ice beasts.

Vanquished Creatures
  Harold (D:9)
  4 two-headed ogres
  An unseen horror (D:10)
  The ghost of Valentain the Digger, a novice OpEE (D:6)
  A gargoyle (D:7)
  A troll (D:11)
  Grinder (D:4)
  A hippogriff (D:8)
  5 yaks
  2 hungry ghosts
  Grum (D:8)
  2 water moccasins (D:6)
  2 soldier ants (D:6)
  3 porcupines
  2 phantoms
  12 ice beasts
  A necrophage (D:6)
  3 black bears
  3 orc warriors
  5 ogres
  3 wolves (D:7)
  3 centaurs
  3 crocodiles
  A big kobold (D:7)
  Blork the orc (D:4)
  7 bullfrogs
  2 scorpions
  10 killer bees (D:6)
  8 wights
  3 howler monkeys
  A crimson imp (D:5)
  3 centaur zombies
  A quasit (D:6)
  A bullfrog skeleton (D:6)
  5 orc wizards
  5 orc priests
  7 hounds
  A centaur skeleton (D:8)
  4 iguanas
  9 worker ants
  A merfolk siren (Sewer)
  A merfolk avatar (Sewer)
  A worker ant zombie (D:8)
  13 adders
  6 gnolls
  2 river rats (Sewer)
  An adder zombie (D:7)
  2 adder skeletons
  6 worms
  2 dart slugs (D:2)
  10 leopard geckos
  26 orcs
  5 giant cockroaches
  5 goblins
  9 hobgoblins
  9 jackals
  5 quokkas
  10 ball pythons
  A ball python zombie (D:3)
  8 bats
  7 frilled lizards
  12 kobolds
  A leopard gecko zombie (D:8)
  30 rats
  3 fungi (D:8)
  3 plants (D:8)
309 creatures vanquished.

Vanquished Creatures (others)
  3 fungi (D:8)
3 creatures vanquished.

Grand Total: 312 creatures vanquished

Notes
Turn   | Place    | Note
-------+----------+-------------------------------------------
     0 | D:1      | Glundar the Minotaur Fighter began the quest for the Orb.
     0 | D:1      | Reached XP level 1. HP: 19/19 MP: 0/0
   308 | D:1      | Reached XP level 2. HP: 27/27 MP: 1/1
   811 | D:1      | Reached XP level 3. HP: 31/33 MP: 2/2
  1042 | D:2      | Found an ancient bone altar of Kikubaaqudgha.
  1042 | D:2      | Found a shimmering blue altar of Sif Muna.
  1044 | D:2      | Found a radiant altar of Vehumet.
  1049 | D:2      | Identified Kikubaaqudgha's Incunabulum of Sinister Secrets
  1255 | D:2      | Reached XP level 4. HP: 40/40 MP: 3/3
  2469 | D:3      | Found a stormy altar of Qazlal.
  3048 | D:3      | Found a blossoming altar of Fedhas.
  3162 | D:4      | Noticed Grinder
  3168 | D:4      | Paralysed by Grinder for 2 turns
  3173 | D:4      | Paralysed by Grinder for 3 turns
  3187 | D:4      | Killed Grinder
  3187 | D:4      | Reached skill level 5 in Fighting
  3187 | D:4      | Reached skill level 5 in Armour
  3187 | D:4      | Reached skill level 5 in Shields
  3187 | D:4      | Reached XP level 5. HP: 19/48 MP: 4/4
  3187 | D:4      | Reached XP level 6. HP: 22/56 MP: 5/5
  3320 | D:4      | Found a glowing drain.
  3324 | Sewer    | Entered a sewer
  4248 | D:4      | Noticed Blork the orc
  4253 | D:4      | Killed Blork the orc
  4253 | D:4      | Reached skill level 5 in Axes
  4253 | D:4      | Reached XP level 7. HP: 62/62 MP: 6/6
  4397 | D:4      | Found Nufijatz's Gadget Shoppe.
  4565 | D:4      | Found Qaliz's Armour Emporium.
  4614 | D:5      | Entered Level 5 of the Dungeon
  4980 | D:5      | Found Jatenk's Assorted Antiques.
  5014 | D:5      | Found a burning altar of Makhleb.
  5389 | D:6      | Found a staircase to the Ecumenical Temple.
  5400 | Temple   | Entered the Ecumenical Temple
  5507 | Temple   | Became a worshipper of Warmaster Okawaru
  5657 | D:6      | Noticed Valentain's ghost (novice OpEE)
  5659 | D:6      | Found a runed translucent door.
  5756 | D:6      | Found a shimmering altar of Xom.
  5762 | D:6      | Noticed an angel
  5764 | D:6      | Found a glowing silver altar of Zin.
  5787 | D:6      | Reached XP level 8. HP: 71/71 MP: 7/7
  5882 | D:6      | Found a runed translucent door.
  5884 | D:6      | Found a runed translucent gate.
  5884 | D:6      | Found a runed translucent gate.
  5898 | D:6      | Found a runed translucent gate.
  5907 | D:6      | Found a runed translucent door.
  5916 | D:6      | Found the +9 staff of Olgreb {rPois∞}
  6175 | D:6      | Reached * piety under Okawaru
  6674 | D:6      | Reached ** piety under Okawaru
  6684 | D:6      | Reached XP level 9. HP: 68/81 MP: 8/8
  7152 | D:6      | Killed Valentain's ghost
  7152 | D:6      | Reached *** piety under Okawaru
  7234 | D:7      | Found Nesmemot's Distillery.
  7257 | D:7      | Bought a potion of curing for 42 gold pieces
  7257 | D:7      | Bought 2 potions of curing for 84 gold pieces
  7257 | D:7      | Bought a potion of heal wounds for 70 gold pieces
  7257 | D:7      | Bought a potion of curing for 42 gold pieces
  7257 | D:7      | Bought a potion of curing for 42 gold pieces
  7257 | D:7      | Bought a potion of curing for 42 gold pieces
  7272 | D:7      | Found a glowing golden altar of the Shining One.
  7295 | D:7      | Found an opulent altar of Gozag.
  7583 | D:7      | Found Ykak's Weapon Shoppe.
  7784 | D:7      | Noticed a gargoyle
  7793 | D:7      | Killed a gargoyle
  7793 | D:7      | Reached XP level 10. HP: 91/91 MP: 9/9
  8008 | D:8      | Noticed Grum
  8008 | D:8      | Noticed a two-headed ogre
  8022 | D:7      | Killed a two-headed ogre
  8022 | D:7      | Reached **** piety under Okawaru
  8281 | D:8      | Killed Grum
  8288 | D:8      | Found a staircase to the Lair.
  8294 | D:8      | Reached skill level 10 in Armour
  8294 | D:8      | Reached skill level 10 in Shields
  8300 | D:8      | Reached skill level 10 in Fighting
  8313 | D:7      | Reached ***** piety under Okawaru
  8542 | D:8      | Reached skill level 10 in Axes
  8642 | D:8      | Got a jewelled falchion
  8643 | D:8      | Identified the +5 falchion of the Trees {vorpal, rPois}
                  | (You found it on level 8 of the Dungeon)
  9042 | D:9      | Found Suiraj's Armour Shop.
  9042 | D:9      | Found a staircase to the Orcish Mines.
  9042 | D:9      | Noticed a two-headed ogre
  9061 | D:8      | Killed a two-headed ogre
  9267 | D:9      | Noticed Harold
  9276 | D:9      | Killed Harold
  9276 | D:9      | Reached XP level 11. HP: 92/101 MP: 10/10
  9315 | D:9      | Noticed a two-headed ogre
  9324 | D:9      | Killed a two-headed ogre
  9324 | D:9      | Reached ****** piety under Okawaru
  9499 | D:9      | Found a sacrificial altar of Ru.
  9501 | D:9      | Found a snail-covered altar of Cheibriados.
  9502 | D:9      | Found a glowing golden altar of the Shining One.
  9504 | D:9      | Found a hazy altar of Hepliaklqana.
  9757 | D:9      | Received a gift from Okawaru
 10384 | D:10     | Entered Level 10 of the Dungeon
 10800 | D:10     | Killed an unseen horror
 11130 | D:10     | Noticed a two-headed ogre
 11152 | D:10     | Killed a two-headed ogre
 11152 | D:10     | Received a gift from Okawaru
 11360 | D:11     | Found a snail-covered altar of Cheibriados.
 11380 | D:11     | Found a frozen archway.
 11398 | D:11     | Noticed Gastronok
 11408 | IceCv    | Entered an ice cave
 11408 | IceCv    | Noticed a white ugly thing
 11413 | IceCv    | Mangled by a white ugly thing

Illustrated notes

Levels and vault maps discovered:
D:1:      minmay_arrival_up_and_down, layout_basic
D:2:      layout_loops_corners, grunt_temple_overflow_magic_moments,
          minmay_cupped
D:3:      layout_loops_corners, lemuel_round_altar, overflow_temple_1_default,
          first_ration, serial_undead, serial_undead_a, serial_undead_d,
          serial_undead_e, serial_undead_a
D:4:      layout_rooms, gup_sewer_entry_bowl, serial_shops, shop, shop,
          uniq_grinder, uniq_blork_the_orc
D:5:      layout_gridville, makhleb_grotto_becter, serial_shops, shop
D:6:      layout_gridville, grunt_temple_overflow_order_and_chaos_1,
          minmay_temple_entry_statues, hellmonk_ghost_happy_afterlife,
          minmay_guarded_unrand_staff_of_olgreb
D:7:      layout_basic, nicolae_gozag_cash_rules_everything_around_me,
          serial_shops, shop, shop, basic_altar
D:8:      cheibrodos_iron_armory, layout_rooms, due_lair_maze_entry_diamond,
          uniq_grum
D:9:      layout_gridville, minitemple, orc_david_3, uniq_harold
D:10:     layout_rooms
D:11:     layout_rooms, portal_ice_cave_entry_ice_beasts, basic_altar,
          uniq_psyche, uniq_gastronok
Temple:   grunt_temple_mini_profane
IceCv:    ice_cave_statue_garden_transporter

Skill      XL: |  1  2  3  4  5  6  7  8  9 10 11 |
---------------+----------------------------------+-----
Fighting       | 4 5 6 7 9 10 11 | 11.8
Armour         | 4 5 6 7 9 10 11 | 11.8
Shields        | 4 5 6 7 9 10 11 | 11.8
Axes           | 3 4 5 6 7 9 10 11 | 11.5

Action                   |  1- 3 |  4- 6 |  7- 9 | 10-12 || total
-------------------------+-------+-------+-------+-------++-------
Melee: War axe           |    91 |    34 |       |       ||   125
       Headbutt          |    11 |    15 |    47 |    70 ||   143
       Hand axe          |       |   107 |   279 |   245 ||   631
 Fire: Hand crossbow     |       |    27 |       |       ||    27
  Use: Scroll            |       |     3 |       |    11 ||    14
       Potion            |       |       |     2 |     3 ||     5
 Stab: Invisible         |       |       |       |     1 ||     1
  Eat: Chunk             |     1 |    10 |     8 |     9 ||    28
       Ration            |       |       |     1 |     1 ||     2
Armor: Scale mail        |    44 |    26 |       |       ||    70
       Ring mail         |       |    26 |       |       ||    26
       Chain mail        |       |     6 |    44 |       ||    50
       Plate armour      |       |       |    63 |   123 ||   186
Dodge: Dodged            |    23 |    43 |    59 |    65 ||   190
Block: Kite shield       |    38 |    66 |   155 |   149 ||   408

Table legend:
 A = Non-vault XP
 B = Vault XP
 C = Vault XP percentage of total XP
 D = Non-vault monster count
 E = Vault monster count
 F = Vault count percentage of total count
                 A         B        C        D         E       F
            +---------+---------+-------+---------+---------+-------
      Total |   12741 |    6575 |  34.0 |     201 |     102 |  33.7
            +---------+---------+-------+---------+---------+-------
        D:1 |      43 |       0 |   0.0 |      25 |       0 |   0.0
        D:2 |      80 |       3 |   3.6 |      25 |       2 |   7.4
        D:3 |      20 |       1 |   4.8 |       9 |       1 |  10.0
        D:4 |     220 |     376 |  63.1 |      17 |       6 |  26.1
        D:5 |     185 |      48 |  20.6 |      11 |       1 |   8.3
        D:6 |    1034 |    2080 |  66.8 |      27 |      25 |  48.1
        D:7 |    2736 |     731 |  21.1 |      29 |       6 |  17.1
        D:8 |    1616 |    1009 |  38.4 |      15 |       8 |  34.8
        D:9 |    2691 |    1019 |  27.5 |      23 |       3 |  11.5
       D:10 |    3081 |       0 |   0.0 |      15 |       0 |   0.0
       D:11 |    1035 |    1013 |  49.5 |       5 |       8 |  61.5
      Sewer |       0 |     159 | 100.0 |       0 |      41 | 100.0
      IceCv |       0 |     136 | 100.0 |       0 |       1 | 100.0
            +---------+---------+-------+---------+---------+-------
